 Dungeon Crawl Stone Soup version 0.26-a0-490-gf8362a0c98 (webtiles) character file.

Game seed: 6924973299831592594

992 KristoblXynda the Ducker (level 7, -1/55 HPs)
             Began as a Vampire Gladiator on Aug 4, 2020.
             Was an Initiate of Ashenzari.
             Shot with an arrow by a centaur (11 damage)
             ... on level 5 of the Dungeon.
             The game lasted 00:07:38 (4034 turns).

KristoblXynda the Ducker (Vampire Gladiator)        Turns: 4034, Time: 00:07:38

Health: -1/55      AC:  6    Str: 14    XL:     7   Next: 98%
Magic:  7/7        EV: 29    Int: 11    God:    Ashenzari [......]
Gold:   206        SH:  0    Dex: 16    Spells: 6/6 levels left

rFire    . . .     SeeInvis +   a - +0 long sword
rCold    . . .     Faith    .   (no shield)
rNeg     . . .     Spirit   .   f - +0 ring mail
rPois    .         Reflect  .   c - +0 helmet
rElec    .         Harm     .   (no cloak)
rCorr    .                      (no gloves)
MR       .....                  (no boots)
Stlth    +.........             h - amulet of the acrobat (curse)
HPRegen  0.38/turn              o - ring of wizardry (curse)
MPRegen  0.10/turn              (no ring)

@: acrobat, regenerating quickly
A: fangs 3, see invisible, unbreathing
a: Exsanguinate, Curse Item, Renounce Religion


You were on level 5 of the Dungeon.
You worshipped Ashenzari.
Ashenzari was noncommittal.
You visited 1 branch of the dungeon, and saw 5 of its levels.

You collected 206 gold pieces.

Inventory:

Hand Weapons
 a - a +0 long sword (weapon)
Missiles
 d - 2 throwing nets (quivered)
Armour
 c - a +0 helmet (worn)
 f - a +0 ring mail (worn)
Jewellery
 h - a cursed amulet of the acrobat (around neck)
 o - a cursed ring of wizardry (left hand)
Scrolls
 b - 2 scrolls of noise {unknown}
 e - 5 scrolls of remove curse
 j - a scroll of identify
 k - 3 scrolls of teleportation
 l - 2 scrolls of enchant armour {unknown}
 n - a scroll of blinking {unknown}
Potions
 g - 2 potions of curing
 m - a potion of invisibility
 p - a potion of flight


   Skills:
 + Level 4.5 Fighting
 + Level 5.5 Long Blades
 - Level 2.0 Throwing
 + Level 3.3 Armour
 + Level 6.0 Dodging


You had 6 spell levels left.
You didn't know any spells.
Your spell library was empty.

Dungeon Overview and Level Annotations

Branches:
Dungeon (5/15)
 Temple: D:4-7

Altars:
Ashenzari
Fedhas
Ru
Trog
Uskayaw

Annotations:
D:3 Terence


Innate Abilities, Weirdness & Mutations

Your natural rate of healing is unusually fast.
You have razor-sharp teeth.
You have supernaturally acute eyesight. (SInv)
You can survive without breathing.


Message History

The orc priest hits you but does no damage.
The orc hits you but does no damage.
Unknown command.
You slash the centaur!
The centaur is moderately wounded.
The centaur hits you! The centaur misses you.
The orc priest invokes the aid of Beogh against you.
You struggle to resist.
The orc closely misses you.
You riposte.
You hit the orc.
You kill the orc!
You hit the orc priest but do no damage.
The orc priest is lightly wounded.
The centaur hits you!
* * * LOW HITPOINT WARNING * * *
The orc priest hits you but does no damage.
The centaur hits you.
* * * LOW HITPOINT WARNING * * *
The centaur wields a +0 shortbow.
The centaur shoots an arrow.
The arrow hits you!
You die...

#### #######...#
##....†#...##..
#.....@)o......
#..8(.##c....##
#.....# .....#
##....## .....#
#...##.###...##
##...#...#....#
#..............
##..........####
#...........# ##


You could see a centaur and an orc priest.

Vanquished Creatures
  A hippogriff (D:5)
  An ice beast (D:5)
  A phantom (D:4)
  A water moccasin skeleton (D:5)
  2 howler monkeys (D:4)
  A jelly (D:5)
  3 orc wizards (D:5)
  An orc priest (D:5)
  An iguana (D:3)
  3 worker ants
  A hound zombie (D:5)
  Robin (D:3)
  8 adders
  8 gnolls
  A white imp (D:5)
  An ooze (D:1)
  2 worms (D:2)
  A dart slug (D:3)
  2 leopard geckos
  6 orcs
  5 giant cockroaches
  18 goblins
  6 hobgoblins
  4 jackals
  5 quokkas
  8 bats
  3 frilled lizards
  6 kobolds
  A quokka skeleton (D:4)
  A quokka zombie (D:5)
  3 rats
106 creatures vanquished.

Vanquished Creatures (others)
  A wizard (D:4)
1 creature vanquished.

Grand Total: 107 creatures vanquished

Notes
Turn   | Place    | Note
-------+----------+-------------------------------------------
     0 | D:1      | KristoblXynda the Vampire Gladiator began the quest for the
                  | Orb.
     0 | D:1      | Reached XP level 1. HP: 16/16 MP: 1/1
   143 | D:1      | Reached XP level 2. HP: 18/22 MP: 2/2
   992 | D:2      | Reached XP level 3. HP: 26/27 MP: 3/3
  1403 | D:3      | Found a shattered altar of Ashenzari.
  1436 | D:3      | Became a worshipper of Ashenzari the Shackled
  1488 | D:3      | Found a hide-covered altar of Uskayaw.
  1501 | D:3      | Reached XP level 4. HP: 34/34 MP: 4/4
  1572 | D:3      | Reached skill level 4 in Dodging
  1621 | D:3      | Noticed Robin
  1627 | D:3      | Reached skill level 1 in Armour
  1655 | D:3      | Killed Robin
  1708 | D:3      | Reached XP level 5. HP: 26/40 MP: 5/5
  2151 | D:3      | Noticed Terence
  2609 | D:4      | Reached XP level 6. HP: 47/47 MP: 6/6
  2701 | D:4      | Reached skill level 5 in Dodging
  2856 | D:4      | Found a sacrificial altar of Ru.
  2922 | D:4      | Found a bloodstained altar of Trog.
  2923 | D:4      | Noticed a wizard
  2928 | D:4      | Killed a wizard
  3210 | D:5      | Entered Level 5 of the Dungeon
  3228 | D:5      | Reached XP level 7. HP: 35/53 MP: 7/7
  3258 | D:5      | Reached skill level 5 in Long Blades
  3531 | D:5      | Noticed a hippogriff
  3725 | D:5      | Killed a hippogriff
  3984 | D:5      | Found a blossoming altar of Fedhas.
  4025 | D:5      | Reached skill level 6 in Dodging
  4034 | D:5      | Shot with an arrow by a centaur

Illustrated notes

Levels and vault maps discovered:
D:1:      heliophobic_arrival_glass_houses, layout_loops_ring, minivault_27,
          minivault_4, hangedman_decor_points
D:2:      layout_loops_ring
D:3:      layout_basic, nicolae_overflow_crystal_walls,
          eat_drink_and_be_merry_uskayaw, uniq_terence, uniq_robin
D:4:      layout_cave_pools, nicolae_ru_the_path_less_chosen, trog_wizard
D:5:      layout_cave_pools, kennysheep_mini_moat, serial_shops, shop,
          serial_column_ruins, column_ruins_hut, column_ruins_columns_dead_end,
          column_ruins_open_small, column_ruins_open_small,
          column_ruins_open_tiny_water, column_ruins_grid_4,
          fedhas_ov_isle_minmay

Skill      XL: |  1  2  3  4  5  6  7 |
---------------+----------------------+-----
Fighting       | 2 3 4 |  4.5
Throwing       | 2 |  2.0
Dodging        | 4 5 6 |  6.0
Armour         | 1 2 3 |  3.3
Long Blades    | 4 5 |  5.5

Action                   |  1- 3 |  4- 6 |  7- 9 || total
-------------------------+-------+-------+-------++-------
Melee: Long sword        |    87 |   208 |    99 ||   394
       Bite              |    16 |    34 |    16 ||    66
Throw: Throwing net      |       |     1 |       ||     1
Invok: Curse Item        |     1 |     1 |       ||     2
  Use: Scroll            |       |     5 |       ||     5
       Potion            |       |     2 |     2 ||     4
 Stab: Sleeping          |     4 |       |       ||     4
Armor: Leather armour    |    24 |       |       ||    24
       Ring mail         |     2 |    57 |    47 ||   106
Dodge: Dodged            |    74 |   150 |   102 ||   326
       Rpst.: Long sword |    21 |    45 |    26 ||    92

Table legend: (Time is in decaauts)
 A = Elapsed time spent in this place.
 B = Non-inter-level travel time spent in this place.
 C = Inter-level travel time spent in this place.
 D = Time resting spent in this place.
 E = Time spent auto-exploring this place.
 F = Levels seen in this place.
 G = Mean time per level.
                   A        B        C        D        E       F      G
               +--------+--------+--------+--------+--------+-----+--------+
         Total |   4111 |   3995 |    116 |    916 |   1982 |   5 |  822.2 |
       Dungeon |   4111 |   3995 |    116 |    916 |   1982 |   5 |  822.2 |
               +--------+--------+--------+--------+--------+-----+--------+

Top non-repeatable levels by time:
     D:4: 999 daAuts
     D:3: 849 daAuts
     D:1: 791 daAuts
     D:2: 745 daAuts
     D:5: 726 daAuts
